 Dungeon Crawl Stone Soup version 0.30-a0-354-g6b83867211 (webtiles) character file.

Game seed: 5634112443821636107

658 koil the Sneak (level 7, -4/35 HPs)
             Began as a Spriggan Enchanter on Nov 8, 2022.
             Slain by a lemure (8 damage)
             ... led by Pikel
             ... on level 5 of the Dungeon.
             The game lasted 00:12:45 (3737 turns).

koil the Sneak (Spriggan Enchanter)                 Turns: 3737, Time: 00:12:46

Health: -4/35      AC:  2    Str:  4    XL:     7   Next: 29%
Magic:  7/14       EV: 18    Int: 25    God:
Gold:   153        SH:  0    Dex: 15    Spells: 6/14 levels left

rFire   . . .      SeeInvis +    a - +1 dagger (venom)
rCold   . . .      Faith    .    (no shield)
rNeg    . . .      Spirit   .    b - +0 robe
rPois   .          Reflect  .    (helmet restricted)
rElec   .          Harm     .    (no cloak)
rCorr   .          Rampage  .    (gloves unavailable)
Will    +....                    (boots unavailable)
Stlth   +++.......               (no amulet)
HPRegen 0.25/turn                f - +6 ring of intelligence
MPRegen 0.14/turn                (no ring)

@: invisible, very quick
A: very small, no large weapons, unfitting armour, see invisible, speed 3
a: no special abilities


You were on level 5 of the Dungeon.
You visited 1 branch of the dungeon, and saw 5 of its levels.

You collected 153 gold pieces.

Inventory:

Hand Weapons
 a - a +1 dagger of venom (weapon)
 d - a +0 mace of protection
 h - a +1 dagger
 x - a +2 short sword of speed
 D - a +2 short sword of protection
Missiles
 p - a throwing net (quivered) {!f}
 w - 4 poisoned darts
Armour
 b - a +0 robe (worn)
Jewellery
 f - a +6 ring of intelligence (left hand)
Wands
 B - a wand of mindburst (17)
 E - a wand of digging (5)
 F - a wand of flame (23)
Scrolls
 i - 2 scrolls of identify {unknown}
 k - 3 scrolls of amnesia {unknown}
 l - a scroll of enchant weapon {unknown}
 m - a scroll of vulnerability {unknown}
 n - a scroll of enchant armour {unknown}
 q - 2 scrolls of poison {unknown}
 u - a scroll of teleportation {unknown}
 v - 2 scrolls of magic mapping {unknown}
 y - a scroll of silence {unknown}
Potions
 c - a potion of invisibility
 e - a potion of resistance {unknown}
 g - a potion of curing {unknown}
 j - 2 potions of heal wounds {unknown}
 o - a potion of mutation {unknown}
 r - a potion of attraction {unknown}
 s - a potion of magic {unknown}
 t - a potion of ambrosia {unknown}
 z - 3 potions of might {unknown}
 A - a potion of degeneration {unknown}
 C - a potion of haste {unknown}


   Skills:
 + Level 2.0 Fighting
 + Level 3.1 Short Blades
 + Level 4.4 Dodging
 + Level 6.2 Stealth
 + Level 4.3 Spellcasting
 + Level 1.7 Conjurations
 + Level 4.9 Hexes
 + Level 3.2 Transmutations


You had 6 spell levels left.
You knew the following spells:

 Your Spells              Type           Power      Damage    Failure   Level
a - Ensorcelled Hibernat  Hex/Ice        34%        N/A       4%          2
b - Confusing Touch       Hex            30%        N/A       3%          3
c - Tukima's Dance        Hex            30%        N/A       3%          3

Your spell library contained the following spells:

 Spells                   Type           Power      Damage    Failure   Level
 Slow                     Hex            100%       N/A       1%          1
 Dazzling Flash           Conj/Hex       44%        N/A       7%          3
 Cigotuvi's Dreadful Rot  Necr/Pois/Air  10%        N/A       13%         2
 Poisonous Vapours        Pois/Air       10%        N/A       13%         2
 Mephitic Cloud           Conj/Pois/Air  8%         N/A       21%         3
 Gell's Gravitas          Tloc           5%         N/A       26%         3
 Lesser Beckoning         Tloc           10%        N/A       26%         3
 Teleport Other           Tloc           5%         N/A       26%         3
 Vampiric Draining        Necr           5%         2d6       26%         3
 Yara's Violent Unravell  Hex/Tmut       13%        3d7       41%         5
 Passage of Golubria      Tloc           5%         N/A       65%         4


Dungeon Overview and Level Annotations

Branches:
Dungeon (5/15)
 Temple: D:4-7

Altars:
Gozag
Ru
Yredelemnul

Annotations:
D:5 Pikel


Innate Abilities, Weirdness & Mutations

You are very small and have problems with some larger weapons.
You are too small for most types of armour.
You have supernaturally acute eyesight. (SInv)
You cover ground extremely quickly. (Speed+++)


Message History

You kill the hound!
A lemure comes into view.
The lemure shouts! x2; Pikel shouts!
Pikel says, "You'll feel the lick of my whip!"
The lemure misses you.
Pikel hits you with a +0 whip of electrocution.
There is an escape hatch in the ceiling here.
Pikel cracks his whip.
Casting: Ensorcelled Hibernation (safe; 4% risk of failure)
Confirm with . or Enter, or press ? or * to list all spells.
Aiming: Ensorcelled Hibernation (safe; 4% risk of failure)
Press: ? - help, Shift-Dir - straight line, f - lemure
Aim: a lemure (chance to affect: 50%) Pikel is unaffected.
Casting: Ensorcelled Hibernation (safe; 4% risk of failure)
Confirm with . or Enter, or press ? or * to list all spells.
Aiming: Ensorcelled Hibernation (safe; 4% risk of failure)
Press: ? - help, Shift-Dir - straight line, f/p - lemure
Aim: a lemure (chance to affect: 50%) Pikel is unaffected.
Casting: Ensorcelled Hibernation (safe; 4% risk of failure)
Confirm with . or Enter, or press ? or * to list all spells.
Your hands begin to glow red.
The lemure closely misses you. Pikel misses you.
You hit Pikel but do no damage. The lemure hits you but does no damage.
The lemure closely misses you.
Pikel hits you with a +0 whip of electrocution.
You hit Pikel but do no damage. The lemure completely misses you.
The lemure hits you.
Pikel hits you with a +0 whip of electrocution.
You hit Pikel but do no damage.
Pikel appears confused.
The lemure hits you.
* * * LOW HITPOINT WARNING * * *
The lemure completely misses you.
Pikel hits you with a +0 whip of electrocution.
* * * LOW HITPOINT WARNING * * *
Pikel hits himself but does no damage.
Okay, then.
Okay, then.
You fade into invisibility!
The lemure misses you. The lemure hits you!
You die...

... .# ...#.# ..#.#
..#.# .#.# ####..#
#.5...# #@##..### #
######K5#....#.#
#.....5.##5#.#.###
#........<....)..#
#......###.#...#.#
#...........####
####........#..../#
................##.#
###
#########+#.##.###.#


You could see Pikel (confused, unable to see you) and 3 lemures.

Vanquished Creatures
  A human (D:4)
  An ogre (D:5)
  A necrophage (D:4)
  A scorpion (D:4)
  2 hounds
  2 orc priests
  2 orc wizards
  Robin (D:2)
  6 adders
  An ufetubus (D:4)
  A dart slug (D:1)
  8 orcs
  3 bats
  3 endoplasms
  2 giant cockroaches
  12 goblins
  5 hobgoblins
  7 jackals (D:4)
  4 kobolds
  4 quokkas
  3 ball pythons
  A frilled lizard (D:1)
  A goblin skeleton (D:4)
  6 rats
78 creatures vanquished.

Notes
Turn   | Place    | Note
-------+----------+-------------------------------------------
     0 | D:1      | koil the Spriggan Enchanter began the quest for the Orb.
     0 | D:1      | Reached XP level 1. HP: 9/9 MP: 5/5
   128 | D:1      | Reached XP level 2. HP: 13/13 MP: 6/6
   134 | D:1      | Learned a level 2 spell: Ensorcelled Hibernation
   248 | D:1      | Found a faded altar of an unknown god.
   484 | D:2      | Found a sacrificial altar of Ru.
  1053 | D:2      | Reached XP level 3. HP: 17/17 MP: 8/8
  1201 | D:2      | Reached skill level 1 in Transmutations
  1318 | D:2      | Noticed Robin
  1324 | D:2      | Killed Robin
  1432 | D:3      | Reached XP level 4. HP: 15/21 MP: 6/9
  1435 | D:3      | Reached skill level 1 in Fighting
  1435 | D:3      | Reached skill level 5 in Stealth
  1491 | D:3      | Found an opulent altar of Gozag.
  1697 | D:3      | Reached XP level 5. HP: 25/25 MP: 11/11
  2181 | D:4      | Reached skill level 1 in Conjurations
  2489 | D:4      | Found a runed translucent door.
  2489 | D:4      | Noticed a human
  2492 | D:4      | Found a basalt altar of Yredelemnul.
  2656 | D:4      | Reached XP level 6. HP: 30/30 MP: 12/12
  2712 | D:4      | Learned a level 3 spell: Confusing Touch
  2719 | D:4      | Learned a level 3 spell: Tukima's Dance
  2996 | D:4      | HP: 3/30 [orc priest/divine providence (10)]
  3518 | D:4      | Killed a human
  3519 | D:4      | Reached skill level 6 in Stealth
  3519 | D:4      | Reached XP level 7. HP: 34/34 MP: 12/14
  3575 | D:5      | Entered Level 5 of the Dungeon
  3692 | D:5      | Noticed Pikel
  3736 | D:5      | HP: 4/35 [Pikel/+0 whip of electrocution (6)]
  3737 | D:5      | Slain by a lemure

Illustrated notes

Levels and vault maps discovered:
D:1:      ncdulo_watergridlock, layout_rooms, dreamdust_ecumenical_altar_statues
D:2:      layout_loops_corners, basic_altar, dk_noncrumbling_2, uniq_robin
D:3:      layout_rooms, lemuel_crystal_altar, moated_statue
D:4:      layout_basic, dk_yredelemnul_ordeal
D:5:      layout_basic, mainiacjoe_overflow_catwalk, temple_statues,
          chequers_serial_rivers_micro_d, uniq_pikel

Skill      XL: |  1  2  3  4  5  6  7 |
---------------+----------------------+-----
Spellcasting   | 3 4 |  4.3
Dodging        | 3 4 |  4.4
Hexes          | 4 |  4.9
Transmutations | 1 2 3 |  3.2
Fighting       | 1 2 |  2.0
Short Blades   | 2 3 |  3.1
Stealth        | 5 6 |  6.2
Conjurations   | 1 |  1.7

Action                   |  1- 3 |  4- 6 |  7- 9 || total
-------------------------+-------+-------+-------++-------
Melee: Dagger            |   103 |   134 |    19 ||   256
       Punch             |       |     1 |       ||     1
 Cast: Ensorcelled Hiber |     3 |     6 |     3 ||    12
       Confusing Touch   |       |     2 |     1 ||     3
  Use: Potion            |       |       |     1 ||     1
 Stab: Sleeping          |     7 |    13 |     1 ||    21
       Distracted        |       |     1 |       ||     1
       Confused          |       |     1 |       ||     1
Armor: Robe              |     7 |     6 |     1 ||    14
Dodge: Dodged            |    56 |   109 |    28 ||   193

Table legend: (Time is in decaauts)
 A = Elapsed time spent in this place.
 B = Non-inter-level travel time spent in this place.
 C = Inter-level travel time spent in this place.
 D = Time resting spent in this place.
 E = Time spent auto-exploring this place.
 F = Levels seen in this place.
 G = Mean time per level.
                   A        B        C        D        E       F      G
               +--------+--------+--------+--------+--------+-----+--------+
         Total |   2543 |   2468 |     75 |     96 |   1757 |   5 |  508.6 |
       Dungeon |   2543 |   2468 |     75 |     96 |   1757 |   5 |  508.6 |
               +--------+--------+--------+--------+--------+-----+--------+

Top non-repeatable levels by time:
     D:4: 924 daAuts
     D:2: 616 daAuts
     D:3: 571 daAuts
     D:1: 322 daAuts
     D:5: 109 daAuts
